 Dungeon Crawl Stone Soup version 0.22.1-2-g9c5b331 (webtiles) character file.

3963 HoaS the Grappler (level 10, -1/68 HPs)
             Began as a Gargoyle Berserker on Dec 24, 2018.
             Was an Elder of Trog.
             Slain by an orc
             ... wielding a +0 short sword
              (3 damage)
             ... on level 8 of the Dungeon.
             The game lasted 00:18:22 (6964 turns).

HoaS the Grappler (Gargoyle Berserker)              Turns: 6964, Time: 00:18:23

Health: -1/68      AC: 19    Str: 21    XL:     10   Next: 22%
Magic:  10/10      EV:  8    Int:  8    God:    Trog [****..]
Gold:   317        SH:  0    Dex: 12    Spells: 9/9 levels left

rFire    . . .     SeeInvis +     - Unarmed
rCold    . . .     Gourm    .   (no shield)
rNeg     + . .     Faith    .   k - +0 chain mail
rPois    ∞         Spirit   .   (no helmet)
rElec    +         Reflect  .   s - +0 cloak (curse)
rCorr    .         Harm     .   (no gloves)
MR       .....                  (no boots)
Stlth    ..........             (no amulet)
HPRegen  0.21/turn              (no ring)
MPRegen  0.12/turn              g - ring of see invisible

@: berserk cooldown, slowed, very slow
A: negative energy resistance 1, electricity resistance, unbreathing,
petrification resistance, rot immunity, AC +7
a: Berserk, Trog's Hand, Brothers in Arms, Renounce Religion


You were on level 8 of the Dungeon.
You worshipped Trog.
Trog was greatly pleased with you.
You were near starving.

You visited 1 branch of the dungeon, and saw 8 of its levels.

You collected 317 gold pieces.

Inventory:

Armour
 a - a scarf of resistance
 k - a +0 chain mail (worn)
 s - a cursed +0 cloak (worn)
Jewellery
 d - an uncursed ring of ice
 e - an uncursed ring of fire
 g - a ring of see invisible (right hand)
Wands
 o - a wand of random effects (17)
Scrolls
 l - 5 scrolls of remove curse
 n - 3 scrolls of teleportation
Potions
 f - a potion of magic {unknown}
 h - 3 potions of cancellation
 i - 5 potions of curing
 j - a potion of flight {unknown}
 m - a potion of lignification {unknown}
 p - 2 potions of might
 q - 2 potions of agility {unknown}
 t - a potion of degeneration {unknown}
Comestibles
 b - 12 rations
 c - 3 chunks of flesh


   Skills:
 * Level 10.1 Fighting
 + Level 7.1 Armour
 - Level 1.5 Dodging
 * Level 10.2 Unarmed Combat


You had 9 spell levels left.
You didn't know any spells.
Your spell library was empty.

Dungeon Overview and Level Annotations

Branches:
Dungeon (8/15)             Temple (0/1) D:6
   Lair: D:8-11

Altars:
Ashenzari
Cheibriados
Dithmenos
Elyvilon
Fedhas
Gozag
Hepliaklqana
Qazlal
Uskayaw
Vehumet
Xom
Zin
The Shining One


Innate Abilities, Weirdness & Mutations

You are resistant to torment.
Your stone body is resilient. (AC +7)
You are immune to poison.
You resist negative energy. (rN+)
You are resistant to electric shocks. (rElec)
You can survive without breathing.
You are immune to petrification.
You are immune to rotting.


Message History

You feel yourself slow down. The killer bee stings you.
* * * LOW HITPOINT WARNING * * *
The killer bee barely misses you.
You hit the killer bee.
The killer bee is moderately wounded.
The killer bee stings you but does no damage.
The killer bee closely misses you.
You barely miss the killer bee.
The killer bee is moderately wounded.
The killer bee stings you.
* * * LOW HITPOINT WARNING * * *
The killer bee stings you but does no damage.
You punch the killer bee!
The killer bee is almost dead.
The killer bee barely misses you. x3
You hit the killer bee.
You kill the killer bee!
Trog accepts your kill.
You closely miss the orc. The orc hits you with a short sword.
You die...

#................
#########........
#........
########........
#...............
#..........)....
#.........######
########o........#
#(....@oo........#
#.######o........#
#...........#
##._.........#
#............#
#....⌠.._....#
#............#
#........#####
##...._...#


You could see 4 orcs.

Vanquished Creatures
  An oklob plant (D:6)
  A hippogriff (D:7)
  A human (D:7)
  3 hogs (D:7)
  A yak (D:7)
  2 water moccasins (D:7)
  An ice beast (D:7)
  A sky beast (D:7)
  An ogre (D:7)
  A phantom (D:4)
  A centaur (D:8)
  A big kobold (D:8)
  3 bullfrogs
  13 killer bees
  5 wights (D:6)
  2 jellies (D:7)
  A centaur zombie (D:6)
  3 hounds
  A centaur skeleton (D:8)
  An iguana (D:4)
  3 orc priests
  7 orc wizards
  A bullfrog skeleton (D:6)
  5 worker ants
  9 gnolls
  11 adders
  An ooze (D:2)
  An adder skeleton (D:4)
  2 dart slugs
  2 worms
  3 leopard geckos
  34 orcs
  2 ball pythons
  3 giant cockroaches
  14 goblins
  10 hobgoblins
  9 jackals
  4 quokkas
  A ball python skeleton (D:4)
  9 bats
  4 frilled lizards
  15 kobolds
  10 rats
204 creatures vanquished.

Notes
Turn   | Place    | Note
-------+----------+-------------------------------------------
     0 | D:1      | HoaS the Gargoyle Berserker began the quest for the Orb.
     0 | D:1      | Reached XP level 1. HP: 14/14 MP: 1/1
    95 | D:1      | Reached XP level 2. HP: 10/19 MP: 2/2
   194 | D:1      | Reached XP level 3. HP: 8/23 MP: 3/3
   682 | D:1      | Reached ** piety under Trog
  1055 | D:2      | Reached XP level 4. HP: 21/28 MP: 4/4
  1185 | D:2      | Reached skill level 5 in Unarmed Combat
  1702 | D:2      | Reached XP level 5. HP: 32/32 MP: 5/5
  2099 | D:3      | Reached *** piety under Trog
  2231 | D:3      | Found an opulent altar of Gozag.
  2231 | D:3      | Found a shadowy altar of Dithmenos.
  2440 | D:3      | Reached XP level 6. HP: 38/38 MP: 6/6
  2654 | D:4      | Received a gift from Trog
  2871 | D:3      | Reached skill level 5 in Fighting
  3043 | D:4      | Found a blossoming altar of Fedhas.
  3045 | D:4      | Found a shattered altar of Ashenzari.
  3056 | D:4      | Reached XP level 7. HP: 32/44 MP: 7/7
  3144 | D:4      | Found a glowing golden altar of the Shining One.
  3145 | D:4      | Found a white marble altar of Elyvilon.
  3146 | D:4      | Found a glowing silver altar of Zin.
  3215 | D:4      | Found a hide-covered altar of Uskayaw.
  3216 | D:4      | Found a hazy altar of Hepliaklqana.
  3483 | D:5      | Entered Level 5 of the Dungeon
  4166 | D:6      | Found a staircase to the Ecumenical Temple.
  4239 | D:5      | Reached XP level 8. HP: 13/51 MP: 8/8
  4975 | D:6      | Noticed an oklob plant
  4977 | D:6      | Found a shimmering altar of Xom.
  4988 | D:6      | Killed an oklob plant
  4988 | D:6      | Reached skill level 5 in Armour
  5182 | D:6      | Found a shimmering altar of Xom.
  5499 | D:7      | Reached XP level 9. HP: 53/59 MP: 9/9
  5573 | D:7      | Reached **** piety under Trog
  5819 | D:7      | Received a gift from Trog
  5958 | D:7      | Received a gift from Trog
  6661 | D:7      | Reached XP level 10. HP: 59/67 MP: 10/10
  6729 | D:8      | Received a gift from Trog
  6791 | D:8      | Found a stormy altar of Qazlal.
  6812 | D:8      | Found a snail-covered altar of Cheibriados.
  6814 | D:8      | Found a radiant altar of Vehumet.
  6872 | D:8      | Reached skill level 10 in Unarmed Combat
  6923 | D:8      | Reached skill level 10 in Fighting
  6961 | D:8      | HP: 2/68 [killer bee (4)]
  6964 | D:8      | Slain by an orc

Skill      XL: |  1  2  3  4  5  6  7  8  9 10 |
---------------+-------------------------------+-----
Unarmed Combat | 4 5 6 7 8 9 10 | 10.2
Fighting       | 4 5 6 7 9 10 | 10.1
Armour         | 3 4 5 6 7 |  7.1
Dodging        | |  1.5

Action                   |  1- 3 |  4- 6 |  7- 9 | 10-12 || total
-------------------------+-------+-------+-------+-------++-------
Melee: Unarmed           |   109 |   256 |   362 |   111 ||   838
       Punch             |     3 |     7 |    11 |     5 ||    26
Invok: Berserk           |     1 |     2 |     3 |     1 ||     7
       Trog's Hand       |       |       |     3 |     2 ||     5
  Use: Scroll            |     1 |     7 |     5 |       ||    13
  Eat: Chunk             |     1 |     9 |    16 |     1 ||    27
Armor: Animal skin       |    36 |       |       |       ||    36
       Leather armour    |     1 |    17 |       |       ||    18
       Scale mail        |       |   163 |    43 |       ||   206
       Chain mail        |       |       |   131 |   115 ||   246
Dodge: Dodged            |    69 |   172 |   136 |    57 ||   434
